 Dungeon Crawl Stone Soup version 0.31-a0-344-gd109795599 (webtiles) character file.

Game seed: 5198339175249179041

108 AIAndy the Ruffian (level 4, -5/28 HPs)
             Began as an Octopode Shapeshifter on July 22, 2023.
             Slain by a gnoll
             ... wielding a +0 spear
              (6 damage)
             ... on level 3 of the Dungeon.
             The game lasted 00:02:24 (1726 turns).

AIAndy the Ruffian (Octopode Shapeshifter)          Turns: 1726, Time: 00:02:25

Health: -5/28      AC:  1    Str: 16    XL:     4   Next: 87%
Magic:  4/4        EV: 13    Int: 10    God:
Gold:   97         SH:  0    Dex: 12    Spells: 3/3 levels left

rFire   . .          .
                       - Unarmed
rCold   . . .        (no shield)
rNeg    . . .        (helmet currently unavailable)
rPois   .            (no amulet)
rElec   .            e - ring of willpower
rCorr   .            (no ring)
SInv    .            (no ring)
Will    +....        (no ring)
Stlth   ++           (no ring)
HPRegen 0.24/turn    (no ring)
MPRegen 0.09/turn    (no ring)
                     (no ring)

%: no passive effects
@: beast-form
A: beast (slay +2), almost no armour, amphibious, 8 rings, camouflage 1,
gelatinous body 1, (nimble swimmer 1), tentacles
a: Begin Untransformation


You were on level 3 of the Dungeon.
You were a hulking beast.
You visited 1 branch of the dungeon, and saw 3 of its levels.

You collected 97 gold pieces.


Innate Abilities, Weirdness & Mutations

You are a hulking beast.
Your limbs bulge with bestial killing power. (Slay +2)
You cannot wear most types of armour.
You are amphibious.
You can wear up to eight rings at the same time.
Your skin changes colour to match your surroundings (Stealth+).
Your rubbery body absorbs attacks. (AC +1, EV +1)
((You are camouflaged when in or above water. (Stealth+)))
You have tentacles for arms and can constrict up to eight enemies at once.


   Skills:
 - Level 1.0 Fighting
 - Level 2.0 Dodging
 + Level 5.4 Unarmed Combat
 - Level 3.0 Shapeshifting


You had 3 spell levels left.
You didn't know any spells.
Your spell library contained the following spells:

 Spells                   Type           Power      Damage    Failure   Level
 Magic Dart               Conj           0%         1d3       36%         1
 Call Imp                 Summ           0%         N/A       50%         2
 Lesser Beckoning         Tloc           0%         N/A       50%         2
 Gell's Gravitas          Tloc           0%         N/A       75%         3
 Mephitic Cloud           Conj/Pois/Air  0%         N/A       75%         3
 Teleport Other           Tloc           0%         N/A       75%         3

Inventory:

Jewellery
 e - a ring of willpower (left tentacle)
Talismans
 b - a beast talisman
Scrolls
 f - 3 scrolls of identify {unknown}
 h - a scroll of revelation {unknown}
 j - a scroll of vulnerability {unknown}
Potions
 a - a potion of lignification {!q}
 c - 2 potions of mutation {unknown}
 d - a potion of degeneration {unknown}
 g - 2 potions of heal wounds {unknown}
 i - a potion of berserk rage {unknown}
 k - a potion of brilliance {unknown}
 l - 2 potions of curing {unknown}

Dungeon Overview and Level Annotations

Branches:
Dungeon (3/15)

Altars:

### ..# #.#
##.### ....#
#.#.#
..#####.#)######
#...........)hg#
######.#.####.#
#.#.# .# #.#.##
.# #....# .#
#..#.## .#
##.....##.#
######.......#.#
...............#


You could see a gnoll.


Message History

The gnoll shouts! x2
You tentacle-slap the gnoll. You grab the gnoll.
The gnoll is moderately wounded.
You constrict the gnoll. The gnoll misses you.
The gnoll hits you from afar with a +0 spear.
You tentacle-slap the gnoll.
The gnoll is heavily wounded.
You constrict the gnoll. The gnoll closely misses you.
The gnoll hits you from afar with a +0 spear.
You tentacle-slap the gnoll.
You kill the gnoll!
The gnoll hits you from afar with a +0 spear.
The gnoll hits you with a +0 spear.
* * * LOW HITPOINT WARNING * * *
Things that are here:
a +0 whip; a gnoll corpse You are too injured to fight recklessly!
You bludgeon the gnoll! Your grab misses the gnoll.
The gnoll is severely wounded.
The gnoll closely misses you. The gnoll barely misses you.
You barely miss the gnoll. You grab the gnoll. You squeeze the gnoll.
You kill the gnoll!
The gnoll hits you from afar with a +0 spear.
* * * LOW HITPOINT WARNING * * *
The gnoll hits you with a +0 spear.
* * * LOW HITPOINT WARNING * * *
You see here a +0 spear.
You closely miss the gnoll. Your grab misses the gnoll.
The gnoll hits you with a +0 spear.
You die...

Skill      XL: |  1  2  3  4 |
---------------+-------------+-----
Unarmed Combat | 4 5 |  5.4
Fighting       | |  1.0
Dodging        | |  2.0
Shapeshifting  | |  3.0

Action                     |  1- 3 |  4- 6 || total
---------------------------+-------+-------++-------
  Melee: Unarmed           |    67 |    21 ||    88
         Constrict         |    16 |     4 ||    20
         Tentacles         |    14 |     3 ||    17
   Stab: Sleeping          |     1 |     6 ||     7
         Distracted        |       |     1 ||     1
 Armour: Skin              |     6 |     1 ||     7
  Dodge: Dodged            |    37 |     6 ||    43

Levels and vault maps discovered:
D:1:      nzn_arrival_depleted_hourglass, layout_loops_ring, minmay_octomino_e4
D:2:      layout_loops_corners
D:3:      layout_loops_ring, basic_ecumenical_altar, uniq_crazy_yiuf_cottage

Notes
Turn   | Place    | Note
-------+----------+-------------------------------------------
     0 | D:1      | AIAndy the Octopode Shapeshifter began the quest for the
                  | Orb.
     0 | D:1      | Reached XP level 1. HP: 13/13 MP: 1/1
   221 | D:1      | Reached XP level 2. HP: 15/18 MP: 2/2
   526 | D:1      | Reached skill level 4 in Unarmed Combat
   579 | D:1      | Reached XP level 3. HP: 23/23 MP: 3/3
  1223 | D:2      | Reached XP level 4. HP: 26/28 MP: 4/4
  1630 | D:2      | Reached skill level 5 in Unarmed Combat
  1725 | D:3      | HP: 1/28 [gnoll/+0 spear (6)]
  1726 | D:3      | Slain by a gnoll

Vanquished Creatures
  3 gnolls (D:3)
  2 adders (D:2)
  A dart slug (D:2)
  7 endoplasms
  3 giant cockroaches
  3 goblins
  4 hobgoblins
  9 jackals
  5 quokkas
  3 ball pythons
  5 bats
  4 kobolds
  2 rats
51 creatures vanquished.

Table legend: (Time is in decaauts)
 A = Elapsed time spent in this place.
 B = Non-inter-level travel time spent in this place.
 C = Inter-level travel time spent in this place.
 D = Time resting spent in this place.
 E = Time spent auto-exploring this place.
 F = Levels seen in this place.
 G = Mean time per level.
                   A        B        C        D        E       F      G
               +--------+--------+--------+--------+--------+-----+--------+
         Total |   1718 |   1696 |     22 |      0 |   1425 |   3 |  572.7 |
       Dungeon |   1718 |   1696 |     22 |      0 |   1425 |   3 |  572.7 |
               +--------+--------+--------+--------+--------+-----+--------+

Top non-repeatable levels by time:
     D:2: 874 daAuts
     D:1: 758 daAuts
     D:3: 84 daAuts

Table legend:
 A = Non-vault XP
 B = Vault XP
 C = Vault XP percentage of total XP
 D = Non-vault monster count
 E = Vault monster count
 F = Vault count percentage of total count
                 A         B        C        D         E       F
            +---------+---------+-------+---------+---------+-------
      Total |     149 |       6 |   3.9 |      47 |       4 |   7.8
            +---------+---------+-------+---------+---------+-------
        D:1 |      35 |       6 |  14.6 |      19 |       4 |  17.4
        D:2 |      61 |       0 |   0.0 |      20 |       0 |   0.0
        D:3 |      53 |       0 |   0.0 |       8 |       0 |   0.0
            +---------+---------+-------+---------+---------+-------
